AoeStats
← Smiley

Arena

510378857Analyzed
4v4 RM · 1d ago on Sep 30, 2026· 30m 27s· 8 players
Game mode
Random Map
Map size
Large (8 player)
Population
200
Speed
Normal
Resources
Standard
Victory
Conquest
Starting age
Dark Age
Ending age
Imperial Age
RankedLock teamsTeams togetherTeam positionsShared explorationLock speedFull tech treeHidden civsTurbo modeCheats
Victory
Defeat
🇨🇭 Cumans · Switzerland
1512
+7
🇩🇪 Spanish · Germany
1345
+12
🇧🇪 Slavs · Belgium
1329
+13
🇵🇰 Britons · Pakistan
945
+27
🇹🇷 Franks · Türkiye
1297
-16
🇯🇵 Bulgarians · Japan
1276
-16
1227
-14
🇺🇸 Japanese · United States
1223
-13
KJI
10:31 Feudal Age
14:13 Castle Age
12:12 Double-Bit Axe
13:23 Horse Collar
16:06 Bow Saw
15:37 Horse Collar
19:25 Heavy Plow
21:03 Wheelbarrow
21:36 Gold Mining
21:58 Stone Mining
23:16 Loom
26:00 Forging
25:50 Scale Mail Armor
27:31 Iron Casting
27:42 Fletching
28:56 Loom
电脑人-偷家鸡鸡短三寸-
9:55 Feudal Age
13:51 Castle Age
11:49 Double-Bit Axe
22:30 Wheelbarrow
21:41 Loom
22:26 Horse Collar
24:15 Gold Mining
25:09 Bow Saw
26:22 Gold Shaft Mining
29:08 Imperial Age
27:42 Bloodlines
28:09 Husbandry
28:17 Tusk Swords
28:53 Hand Cart
28:55 Scale Barding Armor
30:01 Chain Barding Armor
29:52 Forging
Shamdan
10:26 Feudal Age
14:27 Castle Age
12:43 Double-Bit Axe
14:33 Wheelbarrow
15:22 Bow Saw
21:37 Gold Mining
22:07 Stone Mining
22:43 Hand Cart
23:03 Town Watch
23:04 Loom
25:27 Gold Shaft Mining
25:26 Scale Barding Armor
25:38 Forging
26:30 Chain Barding Armor
26:26 Husbandry
29:04 Iron Casting
Zen_Vampire
10:38 Feudal Age
8:53 Loom
14:29 Castle Age
12:16 Double-Bit Axe
12:43 Horse Collar
26:17 Town Watch
SlaP
10:31 Feudal Age
11:55 Feudal Age
12:29 Horse Collar
12:34 Double-Bit Axe
15:14 Castle Age
16:33 Bow Saw
24:51 Wheelbarrow
24:54 Heavy Plow
30:28 Imperial Age
29:45 Gold Mining
29:46 Stone Mining
Smiley
0:46 Loom
2:35 Loom
8:46 Feudal Age
9:38 Double-Bit Axe
9:49 Horse Collar
16:18 Wheelbarrow
20:31 Castle Age
19:00 Gold Mining
19:13 Scale Mail Armor
21:17 Wheelbarrow
20:38 Pikeman
21:44 Chain Mail Armor
21:31 Squires
21:40 Capped Ram
23:02 Forging
23:48 Arson
25:13 Town Watch
28:46 Iron Casting
30:39 Gold Shaft Mining
LanaAio
10:08 Feudal Age
13:58 Castle Age
12:30 Double-Bit Axe
14:56 Squires
14:17 Man-at-Arms
14:50 Pikeman
15:55 Horse Collar
17:41 Scale Mail Armor
20:10 Man-at-Arms
23:13 Long Swordsman
24:59 Chain Mail Armor
25:48 Heavy Plow
26:29 Wheelbarrow
26:26 Loom
27:21 Gold Mining
28:25 Bow Saw
32:14 Imperial Age
Wild Nût Buster
10:08 Feudal Age
16:48 Castle Age
16:45 Stone Mining
16:44 Double-Bit Axe
23:05 Gold Mining
23:39 Fletching
25:17 Bodkin Arrow
29:20 Padded Archer Armor
30:28 Ballistics
Connection lost

Rejoining the realm…

Still unreachable

The connection could not be restored.

Session expired

The server has moved on; the page needs a fresh start.